 Dungeon Crawl Stone Soup version 0.27-a0-604-g29a88b33a7 (webtiles) character file.

Game seed: 2654757695046691576

249 dolemite99 the Spear-Bearer (level 6, 0/44 HPs)
             Began as a Merfolk Gladiator on Mar 13, 2021.
             Was an Initiate of Okawaru.
             Splashed by a jelly's acid (9 damage)
             ... on level 2 of the Dungeon.
             The game lasted 00:03:59 (3062 turns).

dolemite99 the Spear-Bearer (Merfolk Gladiator)     Turns: 3062, Time: 00:04:00

Health: 0/44       AC:  9    Str: 14 (16) XL:     6   Next: 12%
Magic:  6/6        EV:  9    Int:  6 (8)  God:    Okawaru [......]
Gold:   145        SH:  3    Dex: 15      Spells: 5/5 levels left

rFire    . . .     SeeInvis .   a - +0 trident
rCold    . . .     Faith    .   k - +0 buckler
rNeg     . . .     Spirit   .   s - +0 scale mail
rPois    .         Reflect  .   b - +1 helmet
rElec    .         Harm     .   m - +0 cloak
rCorr    .         Rampage  .   (no gloves)
Will     .....                  (no boots)
Stlth    ..........             (no amulet)
HPRegen  0.14/turn              (no ring)
MPRegen  0.10/turn              (no ring)

@: no status effects
A: amphibious, mertail
a: Renounce Religion


You were on level 2 of the Dungeon.
You worshipped Okawaru.
Okawaru was noncommittal.
You visited 1 branch of the dungeon, and saw 3 of its levels.

You collected 145 gold pieces.

Inventory:

Hand Weapons
 a - a +0 trident (weapon)
Missiles
 d - 2 throwing nets
 e - 120 stones
 r - 8 poisoned darts
Armour
 b - a +1 helmet (worn)
 i - a +0 ring mail
 k - a +0 buckler (worn)
 m - a +0 cloak (worn)
 s - a +0 scale mail (worn)
Jewellery
 n - a ring of ice
Wands
 c - a wand of polymorph (6)
 t - a wand of charming (6) (quivered)
Scrolls
 g - a scroll of blinking {unknown}
 h - a scroll of fog
 j - a scroll of identify {@r1}
 l - a scroll of magic mapping {unknown}
 o - a scroll of teleportation {unknown}
 p - a scroll of immolation {unknown}
 q - a scroll of fear


   Skills:
 - Level 2.1 Fighting
 + Level 9.6 Polearms
 - Level 2.0 Throwing
 - Level 4.0 Dodging


You had 5 spell levels left.
You didn't know any spells.
Your spell library was empty.

Dungeon Overview and Level Annotations

Branches:
Dungeon (3/15)

Altars:
Gozag
Okawaru


Innate Abilities, Weirdness & Mutations

((You are quick and stealthy while swimming. (Stealth+, EV+, Speed+++)))
Your lower body shifts to a powerful aquatic tail in water.


Message History

The jelly is lightly wounded.
You hit the jelly.
Your hands burn!
The jelly is moderately wounded.
The jelly barely misses you.
Your scale mail prevents you from hitting the jelly.
The jelly is moderately wounded.
The jelly barely misses you.
You hit the jelly.
Your hands burn!
The jelly is heavily wounded.
You block the jelly's attack.
You hit the jelly.
Your hands burn!
The jelly is heavily wounded.
The jelly hits you but does no damage.
As you read the scroll labelled COLA VUIGAIME, it crumbles to dust.
The scroll dissolves into smoke.
It was a scroll of fog.
The jelly hits you.
You are splashed with acid!
* * * LOW HITPOINT WARNING * * *
You aren't carrying any potions.
You don't know any spells.
The jelly barely misses you.
You see here a +0 helmet.
You see here a kobold skeleton.
You are no longer corroded.
There is a stone staircase leading up here.
The jelly jiggles.
The jelly hits you.
* * * LOW HITPOINT WARNING * * *
The acid corrodes you!
You are splashed with acid!
* * * LOW HITPOINT WARNING * * *
You climb upwards.
There is a stone staircase leading down here.
The jelly barely misses you.
You are no longer corroded.
You aren't carrying any potions.
You don't know any spells.
The jelly jiggles.
The jelly hits you.
* * * LOW HITPOINT WARNING * * *
You are splashed with acid!
You die...

####### ###### ##...... .....#
##....... ####.# ##############
#........ ##...#
##.....##.....####........
...#####..............#..........
.### #....)............#........
.# #........J@>.....##..†..... .#
#................###.<..... .#
#................###....... .#
#................##........
.######................##........
...##.................###..<.....
.#.##...#.....##.....># #........
.#.##...#########...#.###........
.#......# ##...#...##.......


You could see a jelly.

Vanquished Creatures
  A jelly (D:3)
  Terence (D:3)
  Robin (D:3)
  7 adders
  7 oozes
  A worm (D:2)
  2 dart slugs
  2 leopard geckos (D:1)
  A ball python (D:2)
  7 giant cockroaches
  9 goblins
  13 hobgoblins
  4 jackals (D:3)
  13 kobolds
  3 bats
  4 frilled lizards
  8 rats
84 creatures vanquished.

Vanquished Creatures (others)
  4 fungi (D:3)
  9 toadstools (D:3)
13 creatures vanquished.

Grand Total: 97 creatures vanquished

Notes
Turn   | Place    | Note
-------+----------+-------------------------------------------
     0 | D:1      | dolemite99 the Merfolk Gladiator began the quest for the
                  | Orb.
     0 | D:1      | Reached XP level 1. HP: 16/16 MP: 1/1
    63 | D:1      | Reached skill level 5 in Polearms
    90 | D:1      | Reached XP level 2. HP: 22/22 MP: 2/2
   370 | D:1      | Reached skill level 6 in Polearms
   370 | D:1      | Reached XP level 3. HP: 23/27 MP: 3/3
   913 | D:2      | Reached skill level 7 in Polearms
   913 | D:2      | Reached XP level 4. HP: 15/33 MP: 4/4
  1475 | D:2      | Found an iron altar of Okawaru.
  1503 | D:2      | Became a worshipper of Warmaster Okawaru
  1568 | D:2      | Found a faded altar of an unknown god.
  1853 | D:2      | Found an opulent altar of Gozag.
  2035 | D:3      | Noticed Robin
  2087 | D:3      | Reached skill level 8 in Polearms
  2091 | D:3      | Killed Robin
  2092 | D:3      | Reached XP level 5. HP: 18/38 MP: 5/5
  2658 | D:3      | Noticed Terence
  2695 | D:3      | Killed Terence
  2696 | D:3      | Reached skill level 9 in Polearms
  2943 | D:3      | Reached XP level 6. HP: 29/44 MP: 6/6
  3062 | D:2      | Splashed by a jelly's acid

Illustrated notes

Levels and vault maps discovered:
D:1:      nzn_arrival_crosshair, layout_rooms
D:2:      layout_rooms, okawaru_trees_2, overflow_temple_1_default,
          chequers_ecumenical_altar_simple_redux
D:3:      cheibrodos_fertilizer, layout_rooms, uniq_terence, uniq_robin,
          uniq_crazy_yiuf_cottage

Skill      XL: |  1  2  3  4  5 |
---------------+----------------+-----
Polearms       | 5 6 7 8 9 |  9.6
Fighting       | |  2.1
Throwing       | |  2.0
Dodging        | |  4.0

Action                   |  1- 3 |  4- 6 || total
-------------------------+-------+-------++-------
Melee: Trident           |   101 |   221 ||   322
Throw: Throwing net      |       |     1 ||     1
Evoke: Wand              |       |     3 ||     3
  Use: Potion            |     1 |     2 ||     3
       Scroll            |       |     3 ||     3
 Stab: Sleeping          |     1 |       ||     1
Armor: Leather armour    |     7 |       ||     7
       Ring mail         |    32 |    62 ||    94
       Scale mail        |       |    14 ||    14
Dodge: Dodged            |    57 |   113 ||   170
Block: Buckler           |     8 |    37 ||    45

Table legend: (Time is in decaauts)
 A = Elapsed time spent in this place.
 B = Non-inter-level travel time spent in this place.
 C = Inter-level travel time spent in this place.
 D = Time resting spent in this place.
 E = Time spent auto-exploring this place.
 F = Levels seen in this place.
 G = Mean time per level.
                   A        B        C        D        E       F      G
               +--------+--------+--------+--------+--------+-----+--------+
         Total |   3069 |   3013 |     56 |   1273 |    873 |   3 | 1023.0 |
       Dungeon |   3069 |   3013 |     56 |   1273 |    873 |   3 | 1023.0 |
               +--------+--------+--------+--------+--------+-----+--------+

Top non-repeatable levels by time:
     D:2: 1219 daAuts
     D:3: 1108 daAuts
     D:1: 740 daAuts
